 Dungeon Crawl Stone Soup version 0.31-a0-1227-g0136665373 (webtiles) character file.

Game seed: 12801474161540851021

700 bmb222 the Ruffian (level 7, 0/45 HPs)
             Began as an Octopode Shapeshifter on Dec 14, 2023.
             Was an Initiate of Gozag.
             Slain by an orc warrior
             ... wielding a +0 battleaxe
              (11 damage)
             ... on level 5 of the Dungeon.
             The game lasted 00:04:43 (4123 turns).

bmb222 the Ruffian (Octopode Shapeshifter)          Turns: 4123, Time: 00:04:45

Health: 0/45       AC:  1    Str: 15    XL:     7   Next: 65%
Magic:  7/7        EV: 13    Int: 13    God:    Gozag
Gold:   357        SH:  0    Dex: 11    Spells: 6/6 levels left

rFire   . .          .
                       - Unarmed
rCold   . . .        (no shield)
rNeg    . . .        (helmet currently unavailable)
rPois   .            j - amulet of the acrobat
rElec   .            (no ring)
rCorr   .            (no ring)
SInv    .            (no ring)
Will    .....        (no ring)
Stlth   ++++         (no ring)
HPRegen 0.27/turn    (no ring)
MPRegen 0.10/turn    (no ring)
                     (no ring)

%: acrobat
@: beast-form
A: beast (slay +2), almost no armour, amphibious, 8 rings, camouflage 1,
gelatinous body 1, (nimble swimmer 1), tentacles
a: Begin Untransformation, Renounce Religion, Potion Petition, Call Merchant,
Bribe Branch


You were on level 5 of the Dungeon.
You worshipped Gozag.
Gozag was aware of your devotion.
You were a hulking beast.
You visited 2 branches of the dungeon, and saw 7 of its levels.

You collected 431 gold pieces.
You paid 74 gold pieces to Gozag.

Inventory:

Missiles
 g - a throwing net
Magical Staves
 m - a staff of death
Jewellery
 j - an amulet of the acrobat (around mantle)
 o - an amulet of magic regeneration
Talismans
 b - a beast talisman
 c - a flux talisman
Scrolls
 f - 2 scrolls of teleportation
Potions
 a - 2 potions of lignification
 e - a potion of haste
 k - a potion of heal wounds
 p - a potion of degeneration


   Skills:
 + Level 2.0 Fighting
 + Level 0.1 Throwing
 + Level 3.0 Dodging
 - Level 6.1 Stealth
 + Level 6.2 Unarmed Combat
 * Level 3.9 Shapeshifting


You had 6 spell levels left.
You didn't know any spells.
Your spell library contained the following spells:

 Spells                   Type           Power      Damage    Failure   Level
 Foxfire                  Conj/Fire      0%         2x1d4     30%         1
 Blink                    Tloc           0%         N/A       43%         2
 Manifold Assault         Tloc           0%         N/A       97%         4


Dungeon Overview and Level Annotations

Branches:
Dungeon (6/15)             Temple (1/1) D:4

Altars:
Ashenzari
Dithmenos
Fedhas
Gozag
Hepliaklqana
Kikubaaqudgha
Nemelex Xobeh
Okawaru
Qazlal
Ru
Sif Muna
Vehumet
Wu Jian
Xom
Yredelemnul
Zin
The Shining One


Innate Abilities, Weirdness & Mutations

You are a hulking beast.
Your limbs bulge with bestial killing power. (Slay +2)
You cannot wear most types of armour.
You are amphibious.
You can wear up to eight rings at the same time.
Your skin changes colour to match your surroundings (Stealth+).
Your rubbery body absorbs attacks. (AC +1, EV +1)
((You are camouflaged when in or above water. (Stealth+)))
You have tentacles for arms and can constrict up to eight enemies at once.


Message History

The orc warrior shouts!
The orc shouts! x2; The orc priest shouts!
The orc priest mumbles some strange prayers to Beogh against you.
Beogh smites you!
Found a bubbling inky potion.
Found four altars.
There is a large open door here.
The orc priest looks braver for a moment.
The orc closely misses you. The orc attacks as it pursues you!
The orc hits you from afar with a +0 trident.
The orc warrior misses you.
There is a stone staircase leading up here.
You climb upwards.
There is a stone staircase leading down here.
Throw: 3 darts (atropa)
Press: ? - help, Shift-Dir - straight line, f - orc warrior
Aim: an orc warrior, wielding a +0 battleaxe and wearing a +0 plate armour (56% to hit, chance to blind on hit: 75%)
You throw an atropa-tipped dart.
The atropa-tipped dart hits the orc warrior.
The orc warrior resists.
The orc warrior hits you with a +0 battleaxe!
* * * LOW HITPOINT WARNING * * *
Throw: 2 darts (atropa)
Press: ? - help, Shift-Dir - straight line, f/p - orc warrior
Aim: an orc warrior, wielding a +0 battleaxe and wearing a +0 plate armour (56% to hit, chance to blind on hit: 75%)
You throw an atropa-tipped dart.
The atropa-tipped dart closely misses the orc warrior.
The orc warrior barely misses you.
Throw: dart (atropa)
Press: ? - help, Shift-Dir - straight line, f/p - orc warrior
Aim: an orc warrior, wielding a +0 battleaxe and wearing a +0 plate armour (56% to hit, chance to blind on hit: 75%)
You throw an atropa-tipped dart.
The atropa-tipped dart hits the orc warrior.
The orc warrior appears confused.
You catch the helpless orc warrior completely off-guard!
You tentacle-slap the orc warrior but do no damage.
Your grab misses the orc warrior. Your squeeze misses the orc warrior.
The orc warrior seems less confused.
The orc warrior hits you with a +0 battleaxe!
You die...
Your body crumbles into a pile of gold.

#..........# #.....
#..........## #.....
#...........## #.....
#............###..... #####
#..........#.....###+ #...####
#..........##..###...
###....##
#..............##.... #.##..##
#...........##..#....
#..##..###...h.......###.+..._
##..##..##...o.......###.#....
##.###......#####...##..#....
#..#######.......#....###...
##.######..###..####.)..###'
#..##........#..#..........
##.##.............##.....##
#.#......>...#...##.....##
#.........................


You could see an orc warrior (blind).

Vanquished Creatures
  Grinder (D:5)
  An ogre (D:5)
  A scorpion (D:5)
  3 hounds (D:5)
  A jelly (D:5)
  An orc priest (D:4)
  2 orc wizards (D:3)
  6 adders
  A worm (D:2)
  6 dart slugs
  An orc (D:3)
  5 ball pythons
  11 endoplasms
  7 giant cockroaches
  11 goblins
  6 hobgoblins
  3 jackals (D:5)
  5 quokkas
  4 bats
  A frilled lizard (D:2)
  7 kobolds
  8 rats
92 creatures vanquished.

Notes
Turn   | Place    | Note
-------+----------+-------------------------------------------
     0 | D:1      | bmb222 the Octopode Shapeshifter began the quest for the
                  | Orb.
     0 | D:1      | Reached XP level 1. HP: 13/13 MP: 1/1
    77 | D:1      | Reached XP level 2. HP: 18/18 MP: 2/2
   617 | D:1      | Reached XP level 3. HP: 23/23 MP: 3/3
   628 | D:1      | Reached skill level 1 in Stealth
  1301 | D:2      | Reached XP level 4. HP: 24/28 MP: 4/4
  1585 | D:3      | Found an ancient bone altar of Kikubaaqudgha.
  1777 | D:3      | Found a shimmering blue altar of Sif Muna.
  1789 | D:3      | Reached XP level 5. HP: 26/33 MP: 5/5
  1901 | D:3      | Got Sif Muna's Parchment of the Coals
  2302 | D:4      | Found a staircase to the Ecumenical Temple.
  2319 | D:4      | Reached XP level 6. HP: 12/38 MP: 6/6
  2325 | Temple   | Entered the Ecumenical Temple
  2332 | Temple   | Became a worshipper of Gozag Ym Sagoz the Greedy
  2848 | D:5      | Entered Level 5 of the Dungeon
  2854 | D:5      | Reached skill level 5 in Unarmed Combat
  2926 | D:5      | Reached skill level 5 in Stealth
  2950 | D:5      | Found a radiant altar of Vehumet.
  3408 | D:5      | Reached XP level 7. HP: 14/44 MP: 7/7
  3539 | D:5      | Noticed Grinder
  3544 | D:5      | Killed Grinder
  3709 | D:6      | Noticed a yak
  4049 | D:6      | Noticed a yak
  4050 | D:6      | Noticed a yak
  4114 | D:6      | Found a sacrificial altar of Ru.
  4114 | D:6      | Found a shadowy altar of Dithmenos.
  4114 | D:6      | Found a blossoming altar of Fedhas.
  4114 | D:6      | Found a stormy altar of Qazlal.
  4123 | D:5      | Slain by an orc warrior

Illustrated notes

Levels and vault maps discovered:
D:1:      minmay_arrival_loop, layout_loops_ring
D:2:      layout_basic, minmay_pentomino_r2
D:3:      layout_rooms, nicolae_kikubaaqudgha_miasma_corner, led_sif_book
D:4:      layout_cave_pools, minmay_temple_entry_arrows, minmay_unequal
D:5:      layout_rooms, nicolae_vehumet_altar_sigil, uniq_grinder
D:6:      minmay_evil_eye, layout_loops_ring, mainiacjoe_overflow_alcove_2,
          minmay_overflow_temple_hex, grunt_ministairs_6
Temple:   eino_wide_crystal_templ

Skill      XL: |  1  2  3  4  5  6  7 |
---------------+----------------------+-----
Stealth        | 2 3 4 5 6 |  6.1
Unarmed Combat | 4 5 6 |  6.2
Fighting       | 2 |  2.0
Dodging        | 3 |  3.0
Throwing       | |  0.1
Shapeshifting  | |  3.9

Action                     |  1- 3 |  4- 6 |  7- 9 || total
---------------------------+-------+-------+-------++-------
  Melee: Unarmed           |    78 |    97 |     5 ||   180
         Constrict         |    18 |    27 |     1 ||    46
         Tentacles         |     8 |    19 |     2 ||    29
         Punch             |     1 |     4 |       ||     5
  Throw: Dart              |       |     1 |     6 ||     7
    Use: Potion            |       |     3 |       ||     3
         Scroll            |       |       |     6 ||     6
   Stab: Sleeping          |    15 |    10 |     1 ||    26
         Distracted        |       |     1 |       ||     1
         Invisible         |       |       |     1 ||     1
 Armour: Skin              |    21 |    49 |     4 ||    74
  Dodge: Dodged            |    34 |    46 |     3 ||    83

Table legend: (Time is in decaauts)
 A = Elapsed time spent in this place.
 B = Non-inter-level travel time spent in this place.
 C = Inter-level travel time spent in this place.
 D = Time resting spent in this place.
 E = Time spent auto-exploring this place.
 F = Levels seen in this place.
 G = Mean time per level.
                   A        B        C        D        E       F      G
               +--------+--------+--------+--------+--------+-----+--------+
         Total |   4090 |   3919 |    171 |    862 |   2362 |   7 |  584.3 |
       Dungeon |   3995 |   3824 |    171 |    782 |   2362 |   6 |  665.8 |
        Temple |     95 |     95 |      0 |     80 |      0 |   1 |   95.0 |
               +--------+--------+--------+--------+--------+-----+--------+

Top non-repeatable levels by time:
     D:5: 1159 daAuts
     D:1: 712 daAuts
     D:2: 695 daAuts
     D:4: 676 daAuts
     D:3: 657 daAuts
  Temple: 95 daAuts
     D:6: 94 daAuts
